 Dungeon Crawl Stone Soup version 0.27.1-2-g3b301248ec (webtiles) character file.

Game seed: 4402919313566789278

11 Descartes the Skirmisher (level 2, 0/16 HPs)
             Began as a Spriggan Wanderer on Oct 2, 2021.
             Slain by a jackal (1 damage)
             ... on level 1 of the Dungeon.
             The game lasted 00:02:27 (919 turns).

Descartes the Skirmisher (Spriggan Wanderer)         Turns: 919, Time: 00:02:27

Health: 0/16       AC:  4    Str:  9    XL:     2   Next: 17%
Magic:  1/3        EV: 16    Int: 12    God:
Gold:   19         SH:  0    Dex: 14    Spells: 0/1 levels left

rFire    . . .     SeeInvis +   a - +0 dagger
rCold    . . .     Faith    .   (shield restricted)
rNeg     . . .     Spirit   .   b - +0 robe
rPois    .         Reflect  .   h - +2 hat
rElec    .         Harm     .   (no cloak)
rCorr    .         Rampage  .   (gloves unavailable)
Will     .....                  (boots unavailable)
Stlth    ++........             (no amulet)
HPRegen  0.05/turn              (no ring)
MPRegen  0.08/turn              (no ring)

@: very slightly contaminated, very quick
A: very small, no large weapons, unfitting armour, see invisible, speed 3
a: no special abilities


You were on level 1 of the Dungeon.
You visited 1 branch of the dungeon, and saw 1 of its levels.

You collected 19 gold pieces.

Inventory:

Hand Weapons
 a - a +0 dagger (weapon)
Missiles
 d - 34 stones
 g - 17 arrows
Armour
 b - a +0 robe (worn)
 h - a +2 hat (worn)
Scrolls
 c - 3 scrolls of teleportation
 e - 2 scrolls of magic mapping {unknown}
 f - a scroll of silence {unknown}
Potions
 i - a potion of lignification {unknown}
 j - 2 potions of brilliance {unknown}


   Skills:
 - Level 2.4 Fighting
 - Level 1.0 Staves
 - Level 1.0 Throwing
 + Level 1.9 Dodging
 + Level 2.2 Stealth
 + Level 0.4 Conjurations
 + Level 1.8 Fire Magic
 - Level 1.0 Air Magic


You couldn't memorise any spells.
You knew the following spells:

 Your Spells              Type           Power      Damage    Failure   Level
a - Foxfire               Conj/Fire      8%         2x1d4     22%         1

Your spell library contained the following spells:

 Spells                   Type           Power      Damage    Failure   Level
 Sublimation of Blood     Necr           0%         N/A       45%         2
 Wereblood                Tmut           0%         N/A       45%         2
 Conjure Flame            Conj/Fire      2%         6-21      54%         3
 Inner Flame              Hex/Fire       2%         N/A       56%         3
 Sticky Flame             Conj/Fire      2%         2d3       91%         4
 Fireball                 Conj/Fire      1%         3d3       99%         5
 Summon Hydra             Summ           0%         N/A       100%        7


Dungeon Overview and Level Annotations

Branches:
Dungeon (1/15)

Altars:


Innate Abilities, Weirdness & Mutations

You are very small and have problems with some larger weapons.
You are too small for most types of armour.
You have supernaturally acute eyesight. (SInv)
You cover ground extremely quickly. (Speed+++)


Message History

You barely miss the jackal.
The jackal is lightly wounded.
The jackal closely misses you. The jackal bites you.
* * * LOW HITPOINT WARNING * * *
The kobold hits you but does no damage.
You hit the jackal.
The jackal is moderately wounded.
The jackal closely misses you. x2; The kobold hits you but does no damage.
The jackal misses you. x2
Unknown command.
You barely miss the jackal.
The jackal is moderately wounded.
The jackal barely misses you. The jackal completely misses you.
The kobold closely misses you.
You hit the jackal but do no damage.
The jackal is moderately wounded.
The jackal closely misses you. The jackal misses you.
The kobold hits you but does no damage.
Unknown command.
You hit the jackal but do no damage.
The jackal is lightly wounded.
The jackal closely misses you. x2; The jackal barely misses you.
The jackal misses you. The kobold completely misses you.
You hit the jackal.
The jackal is heavily wounded.
The jackal bites you but does no damage.
The jackal barely misses you. The kobold completely misses you.
You closely miss the jackal.
The jackal is heavily wounded.
The jackal barely misses you.
The jackal bites you but does no damage.
The kobold hits you but does no damage. The jackal barely misses you. x2
You barely miss the jackal.
The jackal is heavily wounded.
The jackal misses you. The jackal closely misses you.
The kobold closely misses you.
You hit the jackal but do no damage.
The jackal is heavily wounded.
The jackal bites you.
You die...

######### #.......#
#.####@.# ..#
#########.###Khh# #.#
#.................
#.#
#.∩..8..8..∩..∩.#..#
#.#
#...............#....
#.# #...............#
#### #.#
##♣..8..♣..∩..8.# #.#
#.............##
####.###
#..............##
#.......


You could see 2 jackals and a kobold.

Vanquished Creatures
  A dart slug (D:1)
  A bat (D:1)
  An endoplasm (D:1)
  2 goblins (D:1)
  A hobgoblin (D:1)
  A frilled lizard (D:1)
  A kobold (D:1)
  2 rats (D:1)
10 creatures vanquished.

Vanquished Creatures (others)
  10 foxfires (D:1)
10 creatures vanquished.

Grand Total: 20 creatures vanquished

Notes
Turn   | Place    | Note
-------+----------+-------------------------------------------
     0 | D:1      | Descartes the Spriggan Wanderer began the quest for the
                  | Orb.
     0 | D:1      | Descartes set off with the following items: a +0 dagger, a
                  | +0 robe, 2 scrolls of teleportation; and the following
                  | spell memorised: Foxfire; and the following spells
                  | available to memorise: Conjure Flame, Inner Flame, Sticky
                  | Flame, Fireball
     0 | D:1      | Reached XP level 1. HP: 11/11 MP: 2/2
   189 | D:1      | Found a faded altar of an unknown god.
   409 | D:1      | Reached XP level 2. HP: 15/16 MP: 3/3
   919 | D:1      | Slain by a jackal

Illustrated notes

Levels and vault maps discovered:
D:1:      dpeg_arrival_stone_temple_mockup, layout_loops_corners,
          hellmonk_ecumenical_altar_arch_garden

Skill      XL: |  1 |
---------------+----+-----
Stealth        | 2 |  2.2
Fighting       | |  2.4
Staves         | |  1.0
Throwing       | |  1.0
Dodging        | |  1.9
Conjurations   | |  0.4
Fire Magic     | |  1.8
Air Magic      | |  1.0

Action                   || total
-------------------------++-------
Melee: Dagger            ||    70
 Cast: Foxfire           ||     6
 Stab: Sleeping          ||     1
Armor: Robe              ||    26
Dodge: Dodged            ||    94
